 Dungeon Crawl Stone Soup version 0.31-a0-486-g8d68a81214 (webtiles) character file.

Game seed: 8193355350453724421

218 AstroCodex24 the Covered (level 5, -2/45 HPs)
             Began as a Demigod Fighter on Aug 7, 2023.
             Slain by an orc warrior
             ... wielding a +0 long sword
              (9 damage)
             ... on level 4 of the Dungeon.
             The game lasted 00:12:24 (2581 turns).

AstroCodex24 the Covered (Demigod Fighter)          Turns: 2581, Time: 00:12:25

Health: -2/45      AC:  7    Str: 21    XL:     5   Next: 36%
Magic:  7/7        EV:  9    Int: 10    God:
Gold:   51         SH: 10    Dex: 19    Spells: 4/4 levels left

rFire   . . .        a - +0 war axe
rCold   . . .        c - +0 buckler
rNeg    . . .        b - +0 scale mail
rPois   .            (no helmet)
rElec   .            (no cloak)
rCorr   .            (no gloves)
SInv    .            (no boots)
Will    .....        h - amulet of reflection Stlth
                     f - +6 ring of dexterity
HPRegen 0.27/turn    (no ring)
MPRegen 0.10/turn

%: reflection
@: no status effects
A: high MP 1, forlorn, divine attributes
a: no special abilities


You were on level 4 of the Dungeon.
You visited 1 branch of the dungeon, and saw 4 of its levels.

You collected 147 gold pieces.
You spent 96 gold pieces at shops.

Inventory:

Hand Weapons
 a - a +0 war axe (weapon)
Missiles
 p - a throwing net
Armour
 b - a +0 scale mail (worn)
 c - a +0 buckler (worn)
 e - +0 acid dragon scales
 n - a +0 helmet
Jewellery
 f - a +6 ring of dexterity (left hand)
 h - an amulet of reflection (around neck)
Talismans
 s - a serpent talisman
Scrolls
 k - 3 scrolls of teleportation
 r - a scroll of torment {unknown}
 t - a scroll of immolation {unknown}
Potions
 d - a potion of might
 g - 3 potions of brilliance
 i - 2 potions of heal wounds {unknown}
 j - a potion of enlightenment {unknown}
 m - a potion of ambrosia {unknown}
 o - 3 potions of lignification {unknown}
 q - a potion of curing {unknown}
 u - a potion of mutation {unknown}


   Skills:
 + Level 3.3 Fighting
 + Level 3.3 Axes
 + Level 3.8 Armour
 + Level 0.8 Dodging
 + Level 3.5 Shields


You had 4 spell levels left.
You didn't know any spells.
Your spell library was empty.

Dungeon Overview and Level Annotations

Branches:
Dungeon (4/15)
 Temple: D:4-7

Shops:
D:2 =   D:3 ?=*?:


Innate Abilities, Weirdness & Mutations

You have an increased reservoir of magic. (+10% MP)
You shall have no god before yourself.
Your divine heritage dramatically boosts your attributes as you level up.


Message History

The orc wizard shouts!
You hear a shout!
An orc comes into view. It is wielding a +0 trident.
An orc comes into view. It is wielding a +0 war axe.
The orc shouts!
An orc priest comes into view. It is wielding a +2 heavy hand axe.
An orc warrior comes into view. It is wielding a +0 long sword.
The orc warrior shouts!
The orc priest shouts!
The orc wizard gestures at you while chanting.
The magic dart hits you but does no damage.
As you read the scroll of fog, it dissolves into smoke.
The orc wizard gestures at you while chanting.
The magic dart hits you. You block the orc's attack.
You block the orc wizard's attack.
You barely miss the orc wizard. You closely miss the orc.
The orc completely misses you.
The orc wizard hits you but does no damage.
You closely miss the orc wizard. You barely miss the orc.
The orc hits you with a +0 trident. The orc wizard closely misses you.
The orc wizard hits you with a +0 rapier.
You slash the orc wizard!
The orc wizard is severely wounded.
You barely miss the orc warrior.
The orc wizard hits you with a +0 rapier.
The orc warrior barely misses you.
You hit the orc wizard.
The orc wizard is almost dead.
You barely miss the orc warrior. The orc barely misses you.
The orc wizard hits you with a +0 rapier.
The orc warrior hits you with a +0 long sword!
You hit the orc wizard.
You kill the orc wizard!
You hit the orc warrior but do no damage.
The orc barely misses you. You block the orc warrior's attack.
You block the orc's attack.
The orc warrior hits you with a +0 long sword!
The orc hits you from afar with a +0 trident!
* * * LOW HITPOINT WARNING * * *
The orc warrior attacks as you move away!
The orc warrior hits you with a +0 long sword!
You die...

.## #.......## ..#
#........## #.##
#.........#
#..####
#........##
#.....###........#
#.#......#......##
#
..#####......§§##
... .##
####...§§####.....
.# ###.#§§@oo.....
.# ######o§§§...
.# o§§.... .#
...o... .# .......
.## ....... ..#
....... ..#
....... ..#


You could see an orc warrior, an orc priest and 2 orcs.

Vanquished Creatures
  A hound (D:4)
  Jessica (D:2)
  Natasha (D:2)
  An orc wizard (D:4)
  5 adders
  2 dart slugs (D:1)
  4 endoplasms
  3 giant cockroaches
  8 goblins
  6 hobgoblins
  4 jackals (D:1)
  4 quokkas
  8 ball pythons
  6 bats
  A frilled lizard (D:1)
  7 kobolds
  A rat (D:1)
63 creatures vanquished.

Notes
Turn   | Place    | Note
-------+----------+-------------------------------------------
     0 | D:1      | AstroCodex24 the Demigod Fighter began the quest for the
                  | Orb.
     0 | D:1      | Reached XP level 1. HP: 18/18 MP: 3/3
    99 | D:1      | Reached XP level 2. HP: 18/25 MP: 4/4
   689 | D:1      | Reached XP level 3. HP: 31/31 MP: 5/5
  1075 | D:2      | Noticed Jessica
  1083 | D:2      | Killed Jessica
  1206 | D:2      | Found Fihocla's Jewellery Shop.
  1287 | D:2      | Noticed Natasha
  1298 | D:2      | Reached XP level 4. HP: 31/38 MP: 6/6
  1304 | D:2      | Killed Natasha
  1745 | D:3      | Found Danwett's Book Boutique.
  1746 | D:3      | Noticed a walking divine tome
  1746 | D:3      | Noticed a walking frostbound tome
  1948 | D:3      | Found Dyvype's Assorted Antiques.
  1982 | D:3      | Bought a scroll labelled PILIEN CUMMO for 19 gold pieces
  1982 | D:3      | Bought a scroll labelled IPASYG GUKLO for 19 gold pieces
  1982 | D:3      | Bought a scroll labelled KAHASK DIOD for 19 gold pieces
  1982 | D:3      | Bought a scroll labelled IPASYG GUKLO for 19 gold pieces
  1982 | D:3      | Found Jineal's Jewellery Emporium.
  2104 | D:3      | Found Ropp's Magic Scroll Boutique.
  2113 | D:3      | Bought a scroll of identify for 20 gold pieces
  2199 | D:3      | Found Xuonant's Magic Scroll Shop.
  2405 | D:4      | Reached XP level 5. HP: 45/45 MP: 7/7
  2571 | D:4      | Noticed an orc warrior
  2581 | D:4      | Slain by an orc warrior

Illustrated notes

Levels and vault maps discovered:
D:1:      eino_arrival_druids_welcome, layout_loops_ring,
          hangedman_decor_growths
D:2:      layout_loops_cross, serial_shops, nicolae_shop_advertising_works
          [nicolae_subvault_shop_adworks], uniq_jessica, uniq_natasha
D:3:      layout_basic, serial_rivers, chequers_serial_rivers_room_b,
          chequers_serial_rivers_micro_e, chequers_serial_rivers_micro_d,
          chequers_serial_rivers_small_b, chequers_serial_rivers_small_a,
          chequers_serial_rivers_small_b, serial_shops, shop,
          nicolae_diamond_shop, nicolae_shop_peninsula, nicolae_shop_mannequins,
          shop
D:4:      layout_cave_pods, temple_pool_b, goddamned_bats

Skill      XL: |  1  2  3  4 |
---------------+-------------+-----
Axes           | 2 3 |  3.3
Fighting       | 3 |  3.3
Shields        | 3 |  3.5
Armour         | 3 |  3.8
Dodging        | |  0.8

Action                     |  1- 3 |  4- 6 || total
---------------------------+-------+-------++-------
  Melee: War axe           |    94 |    84 ||   178
    Use: Scroll            |       |     4 ||     4
 Armour: Scale mail        |    56 |    62 ||   118
  Dodge: Dodged            |    61 |    39 ||   100
  Block: Buckler           |    72 |    64 ||   136
         Reflection        |       |     1 ||     1

Table legend: (Time is in decaauts)
 A = Elapsed time spent in this place.
 B = Non-inter-level travel time spent in this place.
 C = Inter-level travel time spent in this place.
 D = Time resting spent in this place.
 E = Time spent auto-exploring this place.
 F = Levels seen in this place.
 G = Mean time per level.
                   A        B        C        D        E       F      G
               +--------+--------+--------+--------+--------+-----+--------+
         Total |   2656 |   2454 |    202 |      0 |      0 |   4 |  664.0 |
       Dungeon |   2656 |   2454 |    202 |      0 |      0 |   4 |  664.0 |
               +--------+--------+--------+--------+--------+-----+--------+

Top non-repeatable levels by time:
     D:3: 887 daAuts
     D:1: 828 daAuts
     D:2: 746 daAuts
     D:4: 194 daAuts
